Edmonton Oilers vs Washington Capitals
Created - Tuesday, November 14, 2023 at 06:58
Goals
|
| Edmonton Oilers |
1 |
0 |
2 |
3 |
| Washington Capitals |
3 |
0 |
2 |
5 |
|
Shots
|
| Edmonton Oilers |
7 |
5 |
24 |
36 |
| Washington Capitals |
15 |
6 |
12 |
33 |
|
1st period
1. Edmonton Oilers , Adrian Kempe 28 (Boone Jenner 33, Brandon Carlo 6) at 4:40 (PP)
2. Washington Capitals , Brayden Point 29 (Jason Robertson 33, Alex Ovechkin 28) at 15:03 (PP)
3. Washington Capitals , Jason Robertson 20 (Brayden Point 34, David Savard 10) at 18:32
4. Washington Capitals , John Carlson 3 (Brayden Point 35) at 19:26
Penalties :
David Savard (WSH) for Goalie Interference (Minor) at 4:27, Jacob Trouba (EDM) for Roughing (Double Minor) at 13:25
2nd period
No Goal
Penalties :
Ian Cole (WSH) for Hooking (Minor) at 9:12, Scott Mayfield (EDM) for Roughing (Minor) at 15:55
3rd period
5. Washington Capitals , Brayden Point 30 (Alex Ovechkin 29, Jason Robertson 34) at 7:41 (PP)
6. Edmonton Oilers , David Perron 16 (Adrian Kempe 28) at 10:48 (PP)
7. Edmonton Oilers , David Perron 17 (Jacob Trouba 13, Adrian Kempe 29) at 12:15 (PP)
8. Washington Capitals , Brad Marchand 23 (Jordan Kyrou 19) at 13:49
Penalties :
Brad Marchand (WSH) for Holding (Minor) at 1:13, Scott Mayfield (EDM) for Tripping (Minor) at 7:07, Brad Marchand (WSH) for Holding (Minor) at 10:15, Alex Ovechkin (WSH) for High sticking (Minor) at 11:32, Brad Marchand (WSH) for Tripping (Minor) at 17:58
Goalie Stats
Juuse Saros (EDM), 28 saves from 33 shots - (0.848), L, 19-21-4, 60:00 minutes
Jake Oettinger (WSH), 33 saves from 36 shots - (0.917), W, 21-20-5, 60:00 minutes
Players Stats for Edmonton Oilers
Player Name G A P +/- PIM S H SB GA TA FO MP PP MP PK MP
------------------------------------------------------------------------------------
Adrian Kempe 1 2 3 -3 0 4 2 1 1 0 1/7 19:12 3:39 2:48
Boone Jenner 0 1 1 -3 0 7 1 0 0 0 10/27 19:07 3:39 2:48
Brandon Carlo 0 1 1 -1 0 2 1 3 0 1 0/0 23:17 3:35 3:29
Brett Pesce 0 0 0 -1 0 0 2 0 0 0 0/0 14:34 0:00 0:29
Brock Boeser 0 0 0 0 0 3 1 0 1 0 0/0 16:11 2:48 0:00
David Perron 2 0 2 -3 0 5 0 0 0 0 3/4 19:23 3:45 3:05
Dawson Mercer 0 0 0 0 0 1 1 0 2 1 0/0 13:17 0:46 0:17
Derek Grant 0 0 0 0 0 0 0 0 0 0 1/3 8:14 0:00 0:00
Erik Johnson 0 0 0 -1 0 2 0 0 0 1 0/0 16:12 0:00 2:07
Evan Bouchard 0 0 0 -1 0 4 0 2 1 0 0/0 22:48 3:51 2:49
Jacob Trouba 0 1 1 -1 4 1 5 1 0 1 0/0 21:36 3:35 1:35
Jake DeBrusk 0 0 0 0 0 1 1 0 1 0 0/0 19:18 2:48 3:05
Jakub Voracek 0 0 0 0 0 1 2 0 2 0 0/0 12:39 0:38 0:00
Jeff Carter 0 0 0 0 0 1 1 1 0 0 5/9 12:29 0:40 0:00
Mikael Backlund 0 0 0 0 0 1 4 0 0 1 4/12 16:11 2:48 0:00
Paul Stastny 0 0 0 0 0 3 0 0 0 0 0/0 9:09 0:47 0:17
Scott Mayfield 0 0 0 -1 4 0 3 0 0 0 0/0 21:48 3:51 1:51
Tanner Jeannot 0 0 0 0 0 0 2 1 0 0 1/1 8:22 0:00 0:00
Players Stats for Washington Capitals
Player Name G A P +/- PIM S H SB GA TA FO MP PP MP PK MP
------------------------------------------------------------------------------------
Alex Ovechkin 0 2 2 2 2 4 2 0 2 0 0/1 20:51 3:47 0:00
Brad Marchand 1 0 1 1 6 3 2 0 1 0 0/0 13:32 0:00 2:01
Brayden Point 2 2 4 2 0 5 1 1 0 0 13/24 21:42 3:47 0:50
Cody Glass 0 0 0 0 0 1 0 0 0 0 1/5 10:06 0:00 0:06
David Savard 0 1 1 3 2 0 2 0 0 1 0/0 20:44 0:00 5:08
Dominik Kubalik 0 0 0 0 0 2 0 1 1 0 0/1 11:26 0:00 3:16
Drake Batherson 0 0 0 0 0 1 2 0 0 0 0/0 9:41 0:00 0:00
Dylan DeMelo 0 0 0 0 0 2 2 1 0 0 0/0 22:38 4:20 1:31
Erik Cernak 0 0 0 0 0 0 2 4 0 3 0/0 21:05 1:50 2:29
Ian Cole 0 0 0 0 2 0 1 2 0 1 0/0 18:01 0:00 3:56
Jason Robertson 1 2 3 2 0 6 1 1 1 1 0/0 20:37 3:32 0:00
Jason Zucker 0 0 0 0 0 0 0 0 0 0 0/0 8:27 0:00 0:46
John Carlson 1 0 1 3 0 3 1 0 0 0 0/0 21:53 4:20 1:20
Jordan Kyrou 0 1 1 1 0 1 0 0 0 1 1/2 13:56 2:23 0:00
Nick Foligno 0 0 0 0 0 1 0 0 0 0 1/3 10:58 0:15 2:57
Nick Jensen 0 0 0 0 0 2 0 0 0 1 0/0 16:18 1:50 0:28
Nico Hischier 0 0 0 1 0 1 3 1 0 0 22/27 18:34 2:23 4:44
Owen Tippett 0 0 0 0 0 1 2 0 0 0 0/0 11:59 2:23 0:12
3 Stars
1 - Brayden Point (WSH)
2 - Jason Robertson (WSH)
3 - John Carlson (WSH)
Power Play
Edmonton Oilers - 3 on 6 Attempt(s) - 50.00%
Washington Capitals - 2 on 4 Attempt(s) - 50.00%
Penalty Kill
Edmonton Oilers - 2 on 4 Attempt(s) - 50.00%
- Score 0 goal in Penalty Kill
Washington Capitals - 3 on 6 Attempt(s) - 50.00%
- Score 0 goal in Penalty Kill
Team Stat
Edmonton Oilers - Hits : 26 - Faceoff Wins : 25 - Blocked Shots : 9 - Penalty Minutes : 8
Washington Capitals - Hits : 21 - Faceoff Wins : 38 - Blocked Shots : 11 - Penalty Minutes : 12
Official
Referees : Steve Kozari and Chris Lee
Linesman : Michel Cormier and Brian Mach
Game Notes
No Game Note
Finance
Level 1 -- Attendance: 5780 (96.33%) -- Ticket Income $549,100
Level 2 -- Attendance: 4386 (87.72%) -- Ticket Income $241,230
Level 3 -- Attendance: 2690 (89.67%) -- Ticket Income $88,770
Level 4 -- Attendance: 4815 (96.30%) -- Ticket Income $105,930
Luxury Box -- Attendance: 997 (99.70%) -- Ticket Income $194,415
Game was played at the Verizon Center.
Total Attendance: 18668 (93.34%)
Total Ticket Income: $1,179,445
Other Income: $412,806
Total Income: $1,592,251
Edmonton Oilers
5 vs 5 Forward
Center Left Wing Right Wing Time % Phy DF OF
1 Boone Jenner Adrian Kempe David Perron 30 1 2 2
2 Mikael Backlund Jake DeBrusk Brock Boeser 30 1 2 2
3 Jeff Carter Jakub Voracek Dawson Mercer 25 1 2 2
4 Derek Grant Paul Stastny Tanner Jeannot 15 1 2 2
5 vs 5 Defense
Defense Defense Time % Phy DF OF
1 Jacob Trouba Brandon Carlo 35 1 2 2
2 Evan Bouchard Scott Mayfield 35 1 2 2
3 Brett Pesce Erik Johnson 30 1 2 2
4 Jacob Trouba Brandon Carlo 0 1 2 2
PowerPlay Forward
Center Left Wing Right Wing Time % Phy DF OF
1 Boone Jenner Adrian Kempe David Perron 50 1 2 2
2 Mikael Backlund Jake DeBrusk Brock Boeser 50 1 2 2
PowerPlay Defense
Defense Defense Time % Phy DF OF
1 Jacob Trouba Brandon Carlo 50 1 2 2
2 Evan Bouchard Scott Mayfield 50 1 2 2
Penalty Kill 4 Players Forward
Center Wing Time % Phy DF OF
1 Adrian Kempe Boone Jenner 50 1 2 2
2 David Perron Jake DeBrusk 50 1 2 2
Penalty Kill 4 Players Defense
Defense Defense Time % Phy DF OF
1 Jacob Trouba Brandon Carlo 50 1 2 2
2 Evan Bouchard Scott Mayfield 50 1 2 2
Penalty Kill - 3 Players Forward
Forward Time % Phy DF OF
1 Adrian Kempe 50 1 2 2
2 Boone Jenner 50 1 2 2
Penalty Kill - 3 Players Defense
Defense Defense Time % Phy DF OF
1 Jacob Trouba Brandon Carlo 50 1 2 2
2 Evan Bouchard Scott Mayfield 50 1 2 2
4 vs 4 Forward
Center Wing Time % Phy DF OF
1 Adrian Kempe Boone Jenner 50 1 2 2
2 David Perron Jake DeBrusk 50 1 2 2
4 vs 4 Defense
Defense Defense Time % Phy DF OF
1 Jacob Trouba Brandon Carlo 50 1 2 2
2 Evan Bouchard Scott Mayfield 50 1 2 2
Last Minutes Offensive
Center Left Wing Right Wing Defense Defense
Boone Jenner Adrian Kempe David Perron Jacob Trouba Brandon Carlo
Last Minutes Defensive
Center Left Wing Right Wing Defense Defense
Boone Jenner Adrian Kempe David Perron Jacob Trouba Brandon Carlo
Goaltenders
Starting : Juuse Saros
Backup : Matt Murray
Extra Forwards
Normal : Paul Stastny, Jeff Carter, Dawson Mercer - PP : Paul Stastny, Jeff Carter - PK : Dawson Mercer
Extra Defensemen
Normal : Brett Pesce, Erik Johnson, Evan Bouchard - PP : Brett Pesce - PK : Erik Johnson, Evan Bouchard
Penalty Shots
Adrian Kempe, Boone Jenner, David Perron, Jake DeBrusk, Mikael Backlund
Washington Capitals
5 vs 5 Forward
Center Left Wing Right Wing Time % Phy DF OF
1 Brayden Point Alex Ovechkin Jason Robertson 40 1 2 2
2 Nico Hischier Brad Marchand Jordan Kyrou 30 1 2 2
3 Cody Glass Owen Tippett Drake Batherson 20 1 2 2
4 Nick Foligno Dominik Kubalik Jason Zucker 10 1 2 2
5 vs 5 Defense
Defense Defense Time % Phy DF OF
1 John Carlson David Savard 35 1 2 2
2 Erik Cernak Dylan DeMelo 35 1 2 2
3 Nick Jensen Ian Cole 30 1 2 2
4 John Carlson David Savard 0 1 2 2
PowerPlay Forward
Center Left Wing Right Wing Time % Phy DF OF
1 Brayden Point Alex Ovechkin Jason Robertson 60 1 2 2
2 Nico Hischier Owen Tippett Jordan Kyrou 40 1 2 2
PowerPlay Defense
Defense Defense Time % Phy DF OF
1 John Carlson Dylan DeMelo 60 1 2 2
2 Nick Jensen Erik Cernak 40 1 2 2
Penalty Kill 4 Players Forward
Center Wing Time % Phy DF OF
1 Nico Hischier Brad Marchand 60 1 2 2
2 Nick Foligno Owen Tippett 40 1 2 2
Penalty Kill 4 Players Defense
Defense Defense Time % Phy DF OF
1 David Savard Ian Cole 60 1 2 2
2 Dylan DeMelo Erik Cernak 40 1 2 2
Penalty Kill - 3 Players Forward
Forward Time % Phy DF OF
1 Nico Hischier 60 1 2 2
2 Nick Foligno 40 1 2 2
Penalty Kill - 3 Players Defense
Defense Defense Time % Phy DF OF
1 David Savard Ian Cole 60 1 2 2
2 Dylan DeMelo Erik Cernak 40 1 2 2
4 vs 4 Forward
Center Wing Time % Phy DF OF
1 Brayden Point Jason Robertson 60 1 2 2
2 Nico Hischier Alex Ovechkin 40 1 2 2
4 vs 4 Defense
Defense Defense Time % Phy DF OF
1 John Carlson Dylan DeMelo 60 1 2 2
2 Erik Cernak Ian Cole 40 1 2 2
Last Minutes Offensive
Center Left Wing Right Wing Defense Defense
Brayden Point Alex Ovechkin Jason Robertson John Carlson Dylan DeMelo
Last Minutes Defensive
Center Left Wing Right Wing Defense Defense
Nico Hischier Brad Marchand Nick Foligno David Savard Ian Cole
Goaltenders
Starting : Jake Oettinger
Backup : Sergei Bobrovsky
Extra Forwards
Normal : Jordan Kyrou, Drake Batherson, Dominik Kubalik - PP : Owen Tippett, Brayden Point - PK : Dominik Kubalik
Extra Defensemen
Normal : Dylan DeMelo, Nick Jensen, Ian Cole - PP : Dylan DeMelo - PK : Erik Cernak, David Savard
Penalty Shots
Jason Robertson, Drake Batherson, Brayden Point, Cody Glass, David Savard
% Time on Ice - Edmonton Oilers
Lines # - Real PCT - Wanted PCT - Time Play
Normal Forward
1 - 28% - 30% - 12:56
2 - 29% - 30% - 13:25
3 - 25% - 25% - 11:49
4 - 18% - 15% - 8:14
Normal Defense
1 - 35% - 35% - 16:11
2 - 35% - 35% - 16:08
3 - 30% - 30% - 14:05
4 - 0% - 0% - 0:00
PP Forward
1 - 62% - 50% - 4:38
2 - 38% - 50% - 2:48
PP Defense
1 - 48% - 50% - 3:35
2 - 52% - 50% - 3:51
PK Forward
1 - 50% - 50% - 3:05
2 - 50% - 50% - 3:05
PK Defense
1 - 54% - 50% - 3:21
2 - 46% - 50% - 2:49
PK3 Forward
1 - 0% - 50%
2 - 0% - 50%
PK3 Defense
1 - 0% - 50%
2 - 0% - 50%
44 Forward
1 - 0% - 50%
2 - 0% - 50%
44 Defense
1 - 0% - 50%
2 - 0% - 50%
Last Minute Offensive - 0:00
Last Minute Defensive - 0:00
Total
Forward - 60:00
Defense - 60:00
|
% Time on Ice - Washington Capitals
Lines # - Real PCT - Wanted PCT - Time Play
Normal Forward
1 - 38% - 40% - 17:51
2 - 24% - 30% - 11:22
3 - 20% - 20% - 9:30
4 - 17% - 10% - 7:41
Normal Defense
1 - 35% - 35% - 16:21
2 - 36% - 35% - 16:46
3 - 29% - 30% - 13:17
4 - 0% - 0% - 0:00
PP Forward
1 - 61% - 60% - 3:47
2 - 39% - 40% - 2:23
PP Defense
1 - 70% - 60% - 4:20
2 - 30% - 40% - 1:50
PK Forward
1 - 97% - 60% - 7:14
2 - 3% - 40% - 0:12
PK Defense
1 - 80% - 60% - 5:55
2 - 20% - 40% - 1:31
PK3 Forward
1 - 0% - 60%
2 - 0% - 40%
PK3 Defense
1 - 0% - 60%
2 - 0% - 40%
44 Forward
1 - 0% - 60%
2 - 0% - 40%
44 Defense
1 - 0% - 60%
2 - 0% - 40%
Last Minute Offensive - 0:00
Last Minute Defensive - 0:00
Total
Forward - 60:00
Defense - 60:00
|
Play-by-Play
1st period
0:01 of 1st period - Boone Jenner wins face-off versus Brayden Point in neutral zone.
0:05 of 1st period - Off-side.
0:06 of 1st period - Boone Jenner wins face-off versus Brayden Point in neutral zone.
0:21 of 1st period - Wrist shot by Adrian Kempe.
0:21 of 1st period - Stopped by Jake Oettinger with a rebound.
0:23 of 1st period - Slapshot by Jacob Trouba.
0:23 of 1st period - Shot Misses the Net.
0:51 of 1st period - Off-side.
0:52 of 1st period - Nico Hischier wins face-off versus Mikael Backlund in neutral zone.
1:17 of 1st period - Evan Bouchard is hit by Drake Batherson and loses puck.
1:26 of 1st period - Slapshot by Paul Stastny.
1:26 of 1st period - Deflect By Derek Grant.
1:26 of 1st period - Shot Blocked by Ian Cole.
1:26 of 1st period - Puck is out of play.
1:27 of 1st period - Nick Foligno wins face-off versus Jeff Carter in Washington Capitals zone.
2:11 of 1st period - Wrist shot by Boone Jenner.
2:11 of 1st period - Stopped by Jake Oettinger with a rebound.
2:17 of 1st period - Snap shot by Boone Jenner.
2:17 of 1st period - Stopped by Jake Oettinger with a rebound.
2:31 of 1st period - Snap shot by Derek Grant.
2:31 of 1st period - Shot Misses the Net.
3:39 of 1st period - Evan Bouchard is hit by Owen Tippett and loses puck.
4:27 of 1st period - Minor Penalty to David Savard for Goalie Interference.
4:28 of 1st period - Nico Hischier wins face-off versus Boone Jenner in Washington Capitals zone.
4:38 of 1st period - Wrist shot by Boone Jenner.
4:38 of 1st period - Stopped by Jake Oettinger with a rebound.
4:40 of 1st period - Slapshot by Adrian Kempe.
4:40 of 1st period - Goal by Adrian Kempe - Edmonton Oilers : 1 - Washington Capitals : 0.
4:41 of 1st period - Boone Jenner wins face-off versus Nico Hischier in neutral zone.
5:24 of 1st period - Off-side.
5:25 of 1st period - Jeff Carter wins face-off versus Brayden Point in neutral zone.
5:44 of 1st period - Icing by Brayden Point.
5:45 of 1st period - Brayden Point wins face-off versus Boone Jenner in Washington Capitals zone.
5:56 of 1st period - Wrist shot by Brayden Point.
5:56 of 1st period - Shot Misses the Net.
5:58 of 1st period - Wrist shot by Alex Ovechkin.
5:58 of 1st period - Deflect By Jason Robertson.
5:58 of 1st period - Stopped by Juuse Saros with a rebound.
6:12 of 1st period - Brayden Point is hit by Dawson Mercer.
6:39 of 1st period - Wrist shot by Alex Ovechkin.
6:39 of 1st period - Deflect By Jason Robertson.
6:39 of 1st period - Shot Misses the Net.
6:39 of 1st period - Puck is out of play.
6:40 of 1st period - Derek Grant wins face-off versus Cody Glass in Edmonton Oilers zone.
6:40 of 1st period - Derek Grant is hit by John Carlson.
7:06 of 1st period - Nico Hischier is hit by Mikael Backlund and loses puck.
7:54 of 1st period - Wrist shot by Dawson Mercer.
7:54 of 1st period - Deflect By Jeff Carter.
7:54 of 1st period - Shot Misses the Net.
7:54 of 1st period - Puck is out of play.
7:55 of 1st period - Mikael Backlund wins face-off versus Cody Glass in Washington Capitals zone.
8:20 of 1st period - Wrist shot by Owen Tippett.
8:20 of 1st period - Shot Blocked by Evan Bouchard.
8:28 of 1st period - Snap shot by Cody Glass.
8:28 of 1st period - Stopped by Juuse Saros without a rebound.
8:29 of 1st period - Jeff Carter wins face-off versus Brayden Point in Edmonton Oilers zone.
9:29 of 1st period - Snap shot by Nico Hischier.
9:29 of 1st period - Stopped by Juuse Saros without a rebound.
9:30 of 1st period - Brayden Point wins face-off versus Boone Jenner in Edmonton Oilers zone.
9:47 of 1st period - Wrist shot by Boone Jenner.
9:47 of 1st period - Shot Misses the Net.
10:21 of 1st period - Snap shot by Dominik Kubalik.
10:21 of 1st period - Shot Blocked by Tanner Jeannot.
10:23 of 1st period - Snap shot by Nick Foligno.
10:23 of 1st period - Stopped by Juuse Saros without a rebound.
10:24 of 1st period - Boone Jenner wins face-off versus Nick Foligno in Edmonton Oilers zone.
10:29 of 1st period - Snap shot by Adrian Kempe.
10:29 of 1st period - Shot Blocked by Erik Cernak.
10:31 of 1st period - Slapshot by Scott Mayfield.
10:31 of 1st period - Shot Blocked by Erik Cernak.
10:33 of 1st period - Snap shot by Boone Jenner.
10:33 of 1st period - Shot Misses the Net.
10:35 of 1st period - Wrist shot by David Perron.
10:35 of 1st period - Shot Blocked by Erik Cernak.
10:39 of 1st period - Snap shot by Boone Jenner.
10:39 of 1st period - Stopped by Jake Oettinger with a rebound.
11:26 of 1st period - Slapshot by John Carlson.
11:26 of 1st period - Shot Blocked by Jeff Carter.
11:29 of 1st period - Icing by Dawson Mercer.
11:30 of 1st period - Brayden Point wins face-off versus Jeff Carter in Edmonton Oilers zone.
11:37 of 1st period - Wrist shot by Jason Robertson.
11:37 of 1st period - Stopped by Juuse Saros without a rebound.
11:38 of 1st period - Brayden Point wins face-off versus Mikael Backlund in Edmonton Oilers zone.
11:39 of 1st period - Wrist shot by Jason Robertson.
11:39 of 1st period - Stopped by Juuse Saros with a rebound.
11:41 of 1st period - Slapshot by Erik Cernak.
11:41 of 1st period - Shot Misses the Net.
11:43 of 1st period - Slapshot by Alex Ovechkin.
11:43 of 1st period - Shot Misses the Net.
11:45 of 1st period - Wrist shot by Alex Ovechkin.
11:45 of 1st period - Stopped by Juuse Saros with a rebound.
12:04 of 1st period - Snap shot by Alex Ovechkin.
12:04 of 1st period - Deflect By Jason Robertson.
12:04 of 1st period - Shot Misses the Net.
12:04 of 1st period - Puck is out of play.
12:05 of 1st period - Jordan Kyrou wins face-off versus Boone Jenner in Edmonton Oilers zone.
12:10 of 1st period - Wrist shot by Jordan Kyrou.
12:10 of 1st period - Shot Misses the Net.
12:22 of 1st period - Snap shot by David Perron.
12:22 of 1st period - Shot Misses the Net.
12:32 of 1st period - Paul Stastny is hit by Ian Cole and loses puck.
12:39 of 1st period - Nick Jensen is hit by Jacob Trouba and loses puck.
12:46 of 1st period - Cody Glass is hit by Tanner Jeannot and loses puck.
12:59 of 1st period - John Carlson is hit by Jacob Trouba and loses puck.
13:19 of 1st period - Slapshot by Dominik Kubalik.
13:19 of 1st period - Stopped by Juuse Saros with a rebound.
13:23 of 1st period - Wrist shot by Nick Foligno.
13:23 of 1st period - Shot Blocked by Brandon Carlo.
13:25 of 1st period - Double Minor Penalty to Jacob Trouba for Roughing.
13:26 of 1st period - Boone Jenner wins face-off versus Brayden Point in Edmonton Oilers zone.
14:00 of 1st period - Snap shot by Jordan Kyrou.
14:00 of 1st period - Stopped by Juuse Saros without a rebound.
14:01 of 1st period - Adrian Kempe wins face-off versus Brayden Point in Edmonton Oilers zone.
14:10 of 1st period - Snap shot by Alex Ovechkin.
14:10 of 1st period - Stopped by Juuse Saros without a rebound.
14:11 of 1st period - David Perron wins face-off versus Alex Ovechkin in Edmonton Oilers zone.
15:03 of 1st period - Snap shot by Brayden Point.
15:03 of 1st period - Goal by Brayden Point - Edmonton Oilers : 1 - Washington Capitals : 1.
15:04 of 1st period - Nico Hischier wins face-off versus Adrian Kempe in neutral zone.
16:33 of 1st period - Brett Pesce is hit by Erik Cernak.
17:03 of 1st period - Penalty to Jacob Trouba is over, Jacob Trouba is back on ice.
17:10 of 1st period - Snap shot by Jason Zucker.
17:10 of 1st period - Shot Blocked by Evan Bouchard.
18:03 of 1st period - Icing by Brett Pesce.
18:04 of 1st period - Cody Glass wins face-off versus Mikael Backlund in Edmonton Oilers zone.
18:12 of 1st period - Off-side.
18:13 of 1st period - Boone Jenner wins face-off versus Brayden Point in neutral zone.
18:18 of 1st period - Wrist shot by David Perron.
18:18 of 1st period - Stopped by Jake Oettinger without a rebound.
18:19 of 1st period - Brayden Point wins face-off versus Boone Jenner in Washington Capitals zone.
18:28 of 1st period - Snap shot by Jason Robertson.
18:28 of 1st period - Stopped by Juuse Saros with a rebound.
18:30 of 1st period - Snap shot by Jason Robertson.
18:30 of 1st period - Stopped by Juuse Saros with a rebound.
18:32 of 1st period - Snap shot by Jason Robertson.
18:32 of 1st period - Goal by Jason Robertson - Edmonton Oilers : 1 - Washington Capitals : 2.
18:33 of 1st period - Mikael Backlund wins face-off versus Brayden Point in neutral zone.
19:11 of 1st period - Snap shot by Owen Tippett.
19:11 of 1st period - Deflect By Jake DeBrusk.
19:11 of 1st period - Shot Blocked by Brandon Carlo.
19:11 of 1st period - Puck is out of play.
19:12 of 1st period - Brayden Point wins face-off versus Boone Jenner in Edmonton Oilers zone.
19:19 of 1st period - Brayden Point is hit by Boone Jenner and loses puck.
19:26 of 1st period - Snap shot by John Carlson.
19:26 of 1st period - Goal by John Carlson - Edmonton Oilers : 1 - Washington Capitals : 3.
19:27 of 1st period - Boone Jenner wins face-off versus Brayden Point in neutral zone.
Goals for this period are 1 for Edmonton Oilers vs 3 for Washington Capitals.
Shots for this period are 7 for Edmonton Oilers vs 15 for Washington Capitals.
2nd period
0:01 of 2nd period - Brayden Point wins face-off versus Jeff Carter in neutral zone.
0:14 of 2nd period - Snap shot by Alex Ovechkin.
0:14 of 2nd period - Shot Misses the Net.
0:16 of 2nd period - Slapshot by Erik Cernak.
0:16 of 2nd period - Shot Misses the Net.
0:31 of 2nd period - Erik Johnson is hit by Nico Hischier and loses puck.
1:26 of 2nd period - Jason Robertson is hit by Jeff Carter and loses puck.
1:46 of 2nd period - David Perron is hit by Brad Marchand and loses puck.
2:09 of 2nd period - Snap shot by Owen Tippett.
2:09 of 2nd period - Shot Misses the Net.
2:33 of 2nd period - Wrist shot by Dominik Kubalik.
2:33 of 2nd period - Shot Misses the Net.
2:57 of 2nd period - Wrist shot by Jason Robertson.
2:57 of 2nd period - Shot Misses the Net.
3:09 of 2nd period - Slapshot by David Perron.
3:09 of 2nd period - Stopped by Jake Oettinger with a rebound.
3:11 of 2nd period - Snap shot by Boone Jenner.
3:11 of 2nd period - Shot Blocked by Erik Cernak.
3:13 of 2nd period - Slapshot by Brandon Carlo.
3:13 of 2nd period - Shot Misses the Net.
3:15 of 2nd period - Slapshot by Brandon Carlo.
3:15 of 2nd period - Stopped by Jake Oettinger with a rebound.
3:17 of 2nd period - Snap shot by Adrian Kempe.
3:17 of 2nd period - Stopped by Jake Oettinger with a rebound.
3:19 of 2nd period - Wrist shot by Brandon Carlo.
3:19 of 2nd period - Shot Blocked by Brayden Point.
3:47 of 2nd period - Slapshot by Jason Robertson.
3:47 of 2nd period - Shot Misses the Net.
3:49 of 2nd period - Slapshot by Nick Jensen.
3:49 of 2nd period - Shot Misses the Net.
3:51 of 2nd period - Slapshot by Nick Jensen.
3:51 of 2nd period - Stopped by Juuse Saros with a rebound.
4:01 of 2nd period - Brandon Carlo is hit by Brayden Point.
4:05 of 2nd period - Brayden Point is hit by Mikael Backlund and loses puck.
4:12 of 2nd period - Evan Bouchard is hit by David Savard and loses puck.
4:31 of 2nd period - Snap shot by Brayden Point.
4:31 of 2nd period - Shot Misses the Net.
4:51 of 2nd period - Snap shot by Brayden Point.
4:51 of 2nd period - Stopped by Juuse Saros with a rebound.
5:16 of 2nd period - Jake DeBrusk is hit by Alex Ovechkin and loses puck.
5:49 of 2nd period - Erik Johnson is hit by Dylan DeMelo and loses puck.
6:21 of 2nd period - Snap shot by Brock Boeser.
6:21 of 2nd period - Stopped by Jake Oettinger with a rebound.
6:36 of 2nd period - Erik Cernak is hit by Brock Boeser and loses puck.
7:07 of 2nd period - Brayden Point is hit by Mikael Backlund and loses puck.
7:35 of 2nd period - Dylan DeMelo is hit by Jake DeBrusk and loses puck.
8:07 of 2nd period - Off-side.
8:08 of 2nd period - Nico Hischier wins face-off versus Boone Jenner in neutral zone.
8:15 of 2nd period - Wrist shot by Jordan Kyrou.
8:15 of 2nd period - Shot Misses the Net.
8:25 of 2nd period - Snap shot by Evan Bouchard.
8:25 of 2nd period - Stopped by Jake Oettinger with a rebound.
8:35 of 2nd period - David Savard is hit by Scott Mayfield and loses puck.
9:06 of 2nd period - Wrist shot by Derek Grant.
9:06 of 2nd period - Shot Misses the Net.
9:12 of 2nd period - Minor Penalty to Ian Cole for Hooking.
9:13 of 2nd period - Nico Hischier wins face-off versus Adrian Kempe in Washington Capitals zone.
9:24 of 2nd period - Adrian Kempe is hit by Nico Hischier and loses puck.
10:05 of 2nd period - Scott Mayfield is hit by Erik Cernak and loses puck.
11:12 of 2nd period - Penalty to Ian Cole is over, Ian Cole is back on ice.
11:44 of 2nd period - Snap shot by Dominik Kubalik.
11:44 of 2nd period - Shot Misses the Net.
11:52 of 2nd period - Snap shot by John Carlson.
11:52 of 2nd period - Stopped by Juuse Saros without a rebound.
11:53 of 2nd period - Nico Hischier wins face-off versus Boone Jenner in Edmonton Oilers zone.
13:07 of 2nd period - Derek Grant is hit by Drake Batherson and loses puck.
14:37 of 2nd period - Icing by John Carlson.
14:38 of 2nd period - Nico Hischier wins face-off versus Boone Jenner in Washington Capitals zone.
15:55 of 2nd period - Minor Penalty to Scott Mayfield for Roughing.
15:56 of 2nd period - Nico Hischier wins face-off versus Adrian Kempe in Edmonton Oilers zone.
16:03 of 2nd period - Slapshot by Jordan Kyrou.
16:03 of 2nd period - Shot Misses the Net.
16:05 of 2nd period - Slapshot by Dylan DeMelo.
16:05 of 2nd period - Stopped by Juuse Saros without a rebound.
16:06 of 2nd period - Nico Hischier wins face-off versus Adrian Kempe in Edmonton Oilers zone.
16:15 of 2nd period - Snap shot by Jordan Kyrou.
16:15 of 2nd period - Shot Misses the Net.
16:17 of 2nd period - Slapshot by John Carlson.
16:17 of 2nd period - Stopped by Juuse Saros with a rebound.
16:19 of 2nd period - Slapshot by Owen Tippett.
16:19 of 2nd period - Stopped by Juuse Saros without a rebound.
16:20 of 2nd period - David Perron wins face-off versus Brayden Point in Edmonton Oilers zone.
16:20 of 2nd period - David Perron is hit by Alex Ovechkin.
16:32 of 2nd period - Jake DeBrusk is hit by Jason Robertson and loses puck.
16:49 of 2nd period - John Carlson is hit by Adrian Kempe and loses puck.
17:55 of 2nd period - Penalty to Scott Mayfield is over, Scott Mayfield is back on ice.
18:38 of 2nd period - Nico Hischier is hit by Mikael Backlund.
18:42 of 2nd period - Mikael Backlund is hit by Brad Marchand.
19:41 of 2nd period - Snap shot by Dawson Mercer.
19:41 of 2nd period - Shot Misses the Net.
19:53 of 2nd period - Jason Robertson is hit by Brett Pesce and loses puck.
Goals for this period are 0 for Edmonton Oilers vs 0 for Washington Capitals.
Shots for this period are 5 for Edmonton Oilers vs 6 for Washington Capitals.
3rd period
0:01 of 3rd period - Nico Hischier wins face-off versus Boone Jenner in neutral zone.
0:10 of 3rd period - Wrist shot by Jordan Kyrou.
0:10 of 3rd period - Shot Blocked by Jacob Trouba.
0:16 of 3rd period - Snap shot by Brad Marchand.
0:16 of 3rd period - Stopped by Juuse Saros with a rebound.
0:28 of 3rd period - Wrist shot by Dawson Mercer.
0:28 of 3rd period - Stopped by Jake Oettinger without a rebound.
0:29 of 3rd period - Jeff Carter wins face-off versus Brayden Point in Washington Capitals zone.
0:54 of 3rd period - Nick Jensen is hit by Jakub Voracek and loses puck.
1:09 of 3rd period - Wrist shot by Jeff Carter.
1:09 of 3rd period - Stopped by Jake Oettinger without a rebound.
1:10 of 3rd period - Nico Hischier wins face-off versus Adrian Kempe in Washington Capitals zone.
1:10 of 3rd period - Nico Hischier is hit by Adrian Kempe.
1:13 of 3rd period - Minor Penalty to Brad Marchand for Holding.
1:14 of 3rd period - Mikael Backlund wins face-off versus Dominik Kubalik in Washington Capitals zone.
1:18 of 3rd period - Wrist shot by Brock Boeser.
1:18 of 3rd period - Stopped by Jake Oettinger with a rebound.
1:26 of 3rd period - Snap shot by Jake DeBrusk.
1:26 of 3rd period - Shot Misses the Net.
1:28 of 3rd period - Slapshot by Scott Mayfield.
1:28 of 3rd period - Shot Blocked by Ian Cole.
1:49 of 3rd period - Snap shot by Boone Jenner.
1:49 of 3rd period - Stopped by Jake Oettinger with a rebound.
1:51 of 3rd period - Slapshot by Jacob Trouba.
1:51 of 3rd period - Stopped by Jake Oettinger without a rebound.
1:52 of 3rd period - Nico Hischier wins face-off versus Mikael Backlund in Washington Capitals zone.
2:03 of 3rd period - Slapshot by Brock Boeser.
2:03 of 3rd period - Shot Misses the Net.
3:13 of 3rd period - Penalty to Brad Marchand is over, Brad Marchand is back on ice.
3:23 of 3rd period - Drake Batherson is hit by Jacob Trouba and loses puck.
3:34 of 3rd period - Jeff Carter is hit by Owen Tippett and loses puck.
4:41 of 3rd period - Erik Cernak is hit by Tanner Jeannot and loses puck.
4:46 of 3rd period - Snap shot by Paul Stastny.
4:46 of 3rd period - Shot Blocked by Dominik Kubalik.
5:04 of 3rd period - Mikael Backlund is hit by Dylan DeMelo and loses puck.
6:03 of 3rd period - Slapshot by Paul Stastny.
6:03 of 3rd period - Stopped by Jake Oettinger without a rebound.
6:04 of 3rd period - Tanner Jeannot wins face-off versus Nick Foligno in Washington Capitals zone.
6:07 of 3rd period - Snap shot by Paul Stastny.
6:07 of 3rd period - Stopped by Jake Oettinger with a rebound.
6:34 of 3rd period - Brad Marchand is hit by Scott Mayfield and loses puck.
6:39 of 3rd period - Slapshot by Mikael Backlund.
6:39 of 3rd period - Deflect By Jordan Kyrou.
6:39 of 3rd period - Stopped by Jake Oettinger without a rebound.
6:40 of 3rd period - Brayden Point wins face-off versus Boone Jenner in Washington Capitals zone.
6:46 of 3rd period - Off-side.
6:47 of 3rd period - Brayden Point wins face-off versus Boone Jenner in neutral zone.
7:00 of 3rd period - Snap shot by Jason Robertson.
7:00 of 3rd period - Shot Blocked by Brandon Carlo.
7:02 of 3rd period - Slapshot by Nick Jensen.
7:02 of 3rd period - Stopped by Juuse Saros without a rebound.
7:03 of 3rd period - Nico Hischier wins face-off versus Mikael Backlund in Edmonton Oilers zone.
7:07 of 3rd period - Minor Penalty to Scott Mayfield for Tripping.
7:08 of 3rd period - Brayden Point wins face-off versus David Perron in Edmonton Oilers zone.
7:39 of 3rd period - Wrist shot by Alex Ovechkin.
7:39 of 3rd period - Stopped by Juuse Saros with a rebound.
7:41 of 3rd period - Wrist shot by Brayden Point.
7:41 of 3rd period - Goal by Brayden Point - Edmonton Oilers : 1 - Washington Capitals : 4.
7:42 of 3rd period - Nico Hischier wins face-off versus Boone Jenner in neutral zone.
7:42 of 3rd period - Nico Hischier is hit by Scott Mayfield.
8:04 of 3rd period - Adrian Kempe is hit by Nico Hischier and loses puck.
8:45 of 3rd period - Slapshot by Evan Bouchard.
8:45 of 3rd period - Stopped by Jake Oettinger without a rebound.
8:46 of 3rd period - Nico Hischier wins face-off versus Boone Jenner in Washington Capitals zone.
8:46 of 3rd period - Nico Hischier is hit by Jacob Trouba.
9:26 of 3rd period - Wrist shot by Alex Ovechkin.
9:26 of 3rd period - Shot Misses the Net.
9:48 of 3rd period - Snap shot by Jakub Voracek.
9:48 of 3rd period - Stopped by Jake Oettinger without a rebound.
9:49 of 3rd period - David Perron wins face-off versus Nico Hischier in Washington Capitals zone.
9:50 of 3rd period - Wrist shot by Boone Jenner.
9:50 of 3rd period - Stopped by Jake Oettinger without a rebound.
9:51 of 3rd period - Nico Hischier wins face-off versus Boone Jenner in Washington Capitals zone.
9:55 of 3rd period - Icing by Nico Hischier.
9:56 of 3rd period - Boone Jenner wins face-off versus Nico Hischier in Washington Capitals zone.
10:05 of 3rd period - Wrist shot by Adrian Kempe.
10:05 of 3rd period - Shot Misses the Net.
10:07 of 3rd period - Snap shot by David Perron.
10:07 of 3rd period - Shot Blocked by Dylan DeMelo.
10:09 of 3rd period - Backhand shot by David Perron.
10:09 of 3rd period - Deflect By Boone Jenner.
10:09 of 3rd period - Stopped by Jake Oettinger without a rebound.
10:10 of 3rd period - Nico Hischier wins face-off versus Boone Jenner in Washington Capitals zone.
10:15 of 3rd period - Minor Penalty to Brad Marchand for Holding.
10:16 of 3rd period - Nico Hischier wins face-off versus Mikael Backlund in Washington Capitals zone.
10:21 of 3rd period - Scott Mayfield is hit by David Savard and loses puck.
10:26 of 3rd period - Wrist shot by Dominik Kubalik.
10:26 of 3rd period - Stopped by Juuse Saros with a rebound.
10:48 of 3rd period - Slapshot by David Perron.
10:48 of 3rd period - Goal by David Perron - Edmonton Oilers : 2 - Washington Capitals : 4.
10:49 of 3rd period - Boone Jenner wins face-off versus Jordan Kyrou in neutral zone.
10:52 of 3rd period - Jordan Kyrou is hit by Brett Pesce and loses puck.
11:17 of 3rd period - Wrist shot by John Carlson.
11:17 of 3rd period - Deflect By Brayden Point.
11:17 of 3rd period - Stopped by Juuse Saros without a rebound.
11:18 of 3rd period - Brayden Point wins face-off versus Mikael Backlund in Edmonton Oilers zone.
11:32 of 3rd period - Minor Penalty to Alex Ovechkin for High sticking.
11:33 of 3rd period - Mikael Backlund wins face-off versus Nico Hischier in Washington Capitals zone.
11:59 of 3rd period - Slapshot by David Perron.
11:59 of 3rd period - Deflect By Adrian Kempe.
11:59 of 3rd period - Stopped by Jake Oettinger with a rebound.
12:01 of 3rd period - Slapshot by Brandon Carlo.
12:01 of 3rd period - Shot Misses the Net.
12:03 of 3rd period - Slapshot by Brandon Carlo.
12:03 of 3rd period - Stopped by Jake Oettinger without a rebound.
12:04 of 3rd period - Boone Jenner wins face-off versus Nico Hischier in Washington Capitals zone.
12:13 of 3rd period - Snap shot by David Perron.
12:13 of 3rd period - Stopped by Jake Oettinger with a rebound.
12:15 of 3rd period - Slapshot by Jacob Trouba.
12:15 of 3rd period - Deflect By David Perron.
12:15 of 3rd period - Goal by David Perron - Edmonton Oilers : 3 - Washington Capitals : 4.
12:16 of 3rd period - Nico Hischier wins face-off versus Boone Jenner in neutral zone.
13:11 of 3rd period - Wrist shot by Jake DeBrusk.
13:11 of 3rd period - Stopped by Jake Oettinger with a rebound.
13:13 of 3rd period - Snap shot by Brock Boeser.
13:13 of 3rd period - Stopped by Jake Oettinger with a rebound.
13:15 of 3rd period - Slapshot by Mikael Backlund.
13:15 of 3rd period - Shot Misses the Net.
13:33 of 3rd period - Slapshot by Cody Glass.
13:33 of 3rd period - Shot Misses the Net.
13:47 of 3rd period - Wrist shot by Brad Marchand.
13:47 of 3rd period - Stopped by Juuse Saros with a rebound.
13:49 of 3rd period - Snap shot by Jordan Kyrou.
13:49 of 3rd period - Deflect By Brad Marchand.
13:49 of 3rd period - Goal by Brad Marchand - Edmonton Oilers : 3 - Washington Capitals : 5.
13:50 of 3rd period - Nico Hischier wins face-off versus Adrian Kempe in neutral zone.
14:25 of 3rd period - Brayden Point is hit by Jakub Voracek and loses puck.
14:44 of 3rd period - Cody Glass is hit by Jacob Trouba and loses puck.
15:07 of 3rd period - Wrist shot by Drake Batherson.
15:07 of 3rd period - Stopped by Juuse Saros without a rebound.
15:08 of 3rd period - Brayden Point wins face-off versus Jeff Carter in Edmonton Oilers zone.
15:33 of 3rd period - Brayden Point is hit by Brandon Carlo and loses puck.
15:40 of 3rd period - Snap shot by Adrian Kempe.
15:40 of 3rd period - Deflect By Jason Robertson.
15:40 of 3rd period - Shot Blocked by Jason Robertson.
15:40 of 3rd period - Puck is out of play.
15:41 of 3rd period - Jeff Carter wins face-off versus Cody Glass in Washington Capitals zone.
16:08 of 3rd period - Slapshot by Evan Bouchard.
16:08 of 3rd period - Stopped by Jake Oettinger with a rebound.
16:10 of 3rd period - Slapshot by Evan Bouchard.
16:10 of 3rd period - Deflect By Nico Hischier.
16:10 of 3rd period - Stopped by Jake Oettinger without a rebound.
16:11 of 3rd period - Nico Hischier wins face-off versus Derek Grant in Washington Capitals zone.
16:22 of 3rd period - Snap shot by Paul Stastny.
16:22 of 3rd period - Stopped by Jake Oettinger with a rebound.
16:24 of 3rd period - Slapshot by Erik Johnson.
16:24 of 3rd period - Stopped by Jake Oettinger with a rebound.
16:26 of 3rd period - Slapshot by Erik Johnson.
16:26 of 3rd period - Stopped by Jake Oettinger without a rebound.
16:27 of 3rd period - Jeff Carter wins face-off versus Cody Glass in Washington Capitals zone.
16:51 of 3rd period - Icing by Drake Batherson.
16:52 of 3rd period - Brayden Point wins face-off versus Derek Grant in Washington Capitals zone.
17:20 of 3rd period - Wrist shot by Alex Ovechkin.
17:20 of 3rd period - Stopped by Juuse Saros with a rebound.
17:22 of 3rd period - Slapshot by Cody Glass.
17:22 of 3rd period - Shot Misses the Net.
17:24 of 3rd period - Slapshot by Dylan DeMelo.
17:24 of 3rd period - Stopped by Juuse Saros with a rebound.
17:40 of 3rd period - Snap shot by Brad Marchand.
17:40 of 3rd period - Shot Blocked by Adrian Kempe.
17:52 of 3rd period - Snap shot by David Perron.
17:52 of 3rd period - Shot Blocked by Nico Hischier.
17:58 of 3rd period - Minor Penalty to Brad Marchand for Tripping.
17:59 of 3rd period - Nico Hischier wins face-off versus Mikael Backlund in Washington Capitals zone.
19:04 of 3rd period - Snap shot by Brayden Point.
19:04 of 3rd period - Stopped by Juuse Saros with a rebound.
19:58 of 3rd period - Penalty to Brad Marchand is over, Brad Marchand is back on ice.
Goals for this period are 2 for Edmonton Oilers vs 2 for Washington Capitals.
Shots for this period are 24 for Edmonton Oilers vs 12 for Washington Capitals.
Back to the Top